 Dungeon Crawl Stone Soup version 0.19.0-11-g3fc08b3 (webtiles) character file.

165 nubinia the Magician (level 5, -4/32 HPs)
             Began as an Octopode Wizard on Nov 9, 2016.
             Slain by a hobgoblin
             ... wielding a +0 mace
              (7 damage)
             ... on level 3 of the Dungeon.
             The game lasted 00:16:21 (4173 turns).

nubinia the Magician (Octopode Wizard)              Turns: 4173, Time: 00:16:22

Health: -4/32      AC:  1    Str:  7    XL:     5   Next: 46%
Magic:  4/11       EV: 13    Int: 21    God:
Gold:   84         SH:  0    Dex: 10    Spells: 4 memorised, 3 levels left

rFire  . . .     SeeInvis .     d - +0 dagger
rCold  . . .     Gourm    .     (no shield)
rNeg   . . .     Faith    .     a - +0 hat
rPois  .         Spirit   .     (no amulet)
rElec  .         Reflect  .     (no ring)
rCorr  .         Harm     .     (no ring)
MR     .....                    (no ring)
Stlth  +++.......               (no ring)
                                (no ring)
                                (no ring)
                                (no ring)
                                (no ring)

@: repel missiles
A: almost no armour, stealthy swim, amphibious, 8 rings, constrict 8, camouflage
1, gelatinous body 1
a: no special abilities


You were on level 3 of the Dungeon.
You were not hungry.

You visited 1 branch of the dungeon, and saw 3 of its levels.

You collected 84 gold pieces.

Inventory:

Hand Weapons
 d - a +0 dagger (weapon)
Armour
 a - a +0 hat (worn)
Wands
 s - a wand of paralysis (10/24)
Scrolls
 e - a scroll of teleportation
 h - a scroll of recharging {unknown}
 i - a scroll of enchant weapon {unknown}
 n - a scroll of remove curse
 o - a scroll of immolation {unknown}
 p - a scroll of magic mapping {unknown}
 q - 2 scrolls of identify
Potions
 f - 3 potions of curing
 j - a potion of cure mutation
 k - a potion of ambrosia
 l - a potion of heal wounds
Books
 b - a book of Minor Magic

   Spells                             Type                      Level
   a - Magic Dart                     Conjuration                  1
   b - Blink                          Translocation                2
   c - Call Imp                       Summoning                    2
   d - Repel Missiles                 Charms/Air                   2
   e - Slow                           Hexes                        2
   f - Conjure Flame                  Conjuration/Fire             3
   g - Mephitic Cloud                 Conjuration/Poison/Air       3
Comestibles
 c - 4 bread rations
 g - 2 beef jerkies
 m - 2 slices of pizza


   Skills:
 + Level 0.4 Fighting
 + Level 0.2 Short Blades
 + Level 2.2 Dodging
 + Level 3.4 Stealth
 - Level 0.4 Unarmed Combat
 + Level 4.0 Spellcasting
 + Level 2.2 Conjurations
   Level 1.0 Summonings
   Level 1.0 Translocations
 + Level 0.2 Air Magic
 * Level 2.9 Poison Magic


You had 3 spell levels left.
You knew the following spells:

 Your Spells              Type           Power        Failure   Level  Hunger
a - Magic Dart            Conj           ##..         6%          1    None
b - Conjure Flame         Conj/Fire      #.......     24%         3    ###....
c - Mephitic Cloud        Conj/Pois/Air  ##......     21%         3    ###....
r - Repel Missiles        Chrm/Air       #.....       17%         2    #......


Dungeon Overview and Level Annotations

Branches:
Dungeon (3/15)

Altars:
Okawaru

Annotations:
D:3 Nordron's ghost, amateur NaTm


Innate Abilities, Weirdness & Mutations

You cannot wear most types of armour.
You are very stealthy in the water. (Stealth+)
You are amphibious.
You can wear up to eight rings at the same time.
You can use your tentacles to constrict eight enemies at once.
Your skin changes colour to match your surroundings (Stealth+).
Your rubbery body absorbs attacks. (AC +1, EV +1)


Message History

A hobgoblin comes into view. It is wielding a club.
You see here a scorpion corpse.
The hobgoblin moves out of view.
You barely miss the hobgoblin. You grab the hobgoblin.
You constrict the hobgoblin, but do no damage.
The hobgoblin hits you with a mace!
* * * LOW HITPOINT WARNING * * *
You hit the hobgoblin but do no damage.
You constrict the hobgoblin, but do no damage.
The hobgoblin hits you with a mace.
* * * LOW HITPOINT WARNING * * *
You hit the hobgoblin but do no damage.
You constrict the hobgoblin, but do no damage.
The hobgoblin hits you with a mace.
* * * LOW HITPOINT WARNING * * *
You release your grip on the hobgoblin.
You see here a scorpion corpse.
Your magical contamination has completely faded away.
The hobgoblin hits you with a mace!
You die...

#......#.# .# .#
#......#.## (.##.# #
#......#..# ....####.
#.......#.####..##....
#...............#..#
#...........#.....###
#..)........#.......#...
###............g........
.>..#........###@####..
#.....##########....#
#.#######.....#####.#
..............# #.#
...######.....# #.#
.....####.....#####.#
#..#.............)..#
##..##.##############
###....#


You could see a hobgoblin.

Vanquished Creatures
  A scorpion (D:3)
  3 adders
  An ooze (D:3)
  2 worms
  5 leopard geckos
  12 orcs
  7 bats
  3 giant cockroaches
  4 goblins
  8 hobgoblins
  7 kobolds
  4 frilled lizards
  5 rats
62 creatures vanquished.

Notes
Turn   | Place    | Note
-------+----------+-------------------------------------------
     0 | D:1      | nubinia the Octopode Wizard began the quest for the Orb.
     0 | D:1      | Reached XP level 1. HP: 11/11 MP: 4/4
   287 | D:1      | Reached XP level 2. HP: 17/17 MP: 1/6
   336 | D:1      | Learned a level 2 spell: Repel Missiles
  1530 | D:2      | Reached XP level 3. HP: 18/21 MP: 2/8
  1583 | D:2      | Learned a level 3 spell: Mephitic Cloud
  1587 | D:2      | Learned a level 3 spell: Conjure Flame
  1989 | D:2      | Reached skill level 1 in Poison Magic
  2155 | D:2      | Found an iron altar of Okawaru.
  2781 | D:3      | Reached XP level 4. HP: 27/27 MP: 4/9
  3131 | D:3      | Noticed Nordron's ghost (amateur NaTm)
  4139 | D:3      | Reached skill level 4 in Spellcasting
  4139 | D:3      | Reached XP level 5. HP: 15/32 MP: 1/11
  4150 | D:3      | HP: 1/32 [hobgoblin/mace (6)]
  4173 | D:3      | Slain by a hobgoblin

Skill      XL: |  1  2  3  4 |
---------------+-------------+-----
Stealth        | 3 |  3.4
Poison Magic   | 2 |  2.9
Conjurations   | 2 |  2.2
Spellcasting   | 4 |  4.0
Fighting       | |  0.4
Short Blades   | |  0.2
Dodging        | |  2.2
Unarmed Combat | |  0.4
Summonings     | |  1.0
Translocations | |  1.0
Air Magic      | |  0.2

Action                   |  1- 3 |  4- 6 || total
-------------------------+-------+-------++-------
Melee: Dagger            |    50 |    35 ||    85
       Constrict         |     9 |     9 ||    18
       Unarmed           |     2 |       ||     2
       Tentacles         |     3 |     2 ||     5
 Cast: Magic Dart        |    86 |    78 ||   164
       Repel Missiles    |     1 |       ||     1
       Mephitic Cloud    |       |     1 ||     1
  Use: Scroll            |     2 |     3 ||     5
       Potion            |     1 |       ||     1
 Stab: Sleeping          |     3 |     4 ||     7
  Eat: Chunk             |     5 |     5 ||    10
Armor: Skin              |     6 |     5 ||    11
Dodge: Dodged            |    37 |    29 ||    66
       Deflected         |     1 |       ||     1
